 Dungeon Crawl Stone Soup version 0.14-a0-1765-g49ce880 (webtiles) character file.

76 Mitsuki the Digger (level 4, 0/29 HPs)
             Began as a Formicid Earth Elementalist on Jan 5, 2014.
             Succumbed to an adder's poison
             ... on Level 2 of the Dungeon.
             The game lasted 00:09:21 (1787 turns).

Mitsuki the Digger (Formicid Earth Elementalist)    Turns: 1787, Time: 00:09:21

HP   0/29        AC  6     Str 13      XL: 4   Next: 20%
MP   6/8         EV 11     Int 15      God:
Gold 27          SH  0     Dex 11      Spells:  3 memorised,  1 level left

rFire  . . .     SeeInvis +     (no weapon)
rCold  . . .     Clarity  .     h - +0 leather armour
rNeg   . . .     Conserve .     (no shield)
rPois  x         rCorr    .     (helmet unavailable)
rElec  .         rRot     .     g - +1 cloak
SustAb . .       Spirit   .     (no gloves)
rMut   .         Warding  .     (no boots)
Saprov . . .     Stasis   +     (no amulet)
                                (no ring)
                                (no ring)

@: mildly poisoned, slightly resistant to hostile enchantments, fairly stealthy
A: permanent stasis, dig shafts and tunnels, four strong arms, poison weakness,
antennae 3, exoskeleton 1
a: Dig, Shaft Self


You were on level 2 of the Dungeon.
You were not hungry.

You visited 1 branch of the dungeon, and saw 2 of its levels.

You collected 27 gold pieces.

Inventory:

Hand weapons
 f - a +0,+0 spear
Missiles
 b - 20 stones (quivered)
Armour
 c - a +0 robe
 g - a +1 cloak (worn)
 h - a +0 leather armour (worn)
Comestibles
 a - a bread ration
Scrolls
 e - a scroll of fog {unknown}
 j - 3 scrolls of amnesia {unknown}
 k - a scroll of teleportation {unknown}
 m - 2 scrolls of enchant weapon II {unknown}
 o - a scroll of curse armour {unknown}
 p - a scroll of random uselessness {unknown}
 q - a scroll of remove curse {unknown}
 r - 3 scrolls of enchant armour {unknown}
 t - a scroll of enchant weapon I {unknown}
Potions
 n - a potion of brilliance {unknown}
Books
 d - a book of Geomancy

   Spells                             Type                      Level
   *Sandblast                         Earth                        1
   *Stoneskin                         Transmutation/Earth          2
   Passwall                           Transmutation/Earth          3
   *Stone Arrow                       Conjuration/Earth            3
   Petrify                            Transmutation/Earth          4
   Lee's Rapid Deconstruction         Earth                        5


   Skills:
 - Level 1.8 Dodging
 - Level 3.0 Stealth
 + Level 2.4 Spellcasting
 + Level 0.1 Conjurations
 - Level 1.1 Transmutations
 + Level 4.7 Earth Magic


You had one spell level left.
You knew the following spells:

 Your Spells              Type           Power        Failure   Level  Hunger
a - Sandblast             Erth           ###...       3%          1    #......
b - Stoneskin             Trmt/Erth      ##........   12%         2    ##.....
c - Stone Arrow           Conj/Erth      #.....       24%         3    ####...


Dungeon Overview and Level Annotations

Branches:
Dungeon (2/16)

Altars:


Innate Abilities, Weirdness & Mutations

Your are under a permanent stasis effect.
You can dig through walls and to a lower floor.
Your four strong arms can wield any weapon, most with a shield.
You are susceptible to poison.
You have a pair of large antennae on your head (SInv).
Your body is surrounded by an exoskeleton. (HP +5, AC +1)


Message History

You start resting.
* * * LOW HITPOINT WARNING * * *
You feel sick.
You start resting.
* * * LOW HITPOINT WARNING * * *
You feel sick.
You start resting.
* * * LOW HITPOINT WARNING * * *
You feel sick.
You start resting.
* * * LOW HITPOINT WARNING * * *
You feel sick.
You start resting.
* * * LOW HITPOINT WARNING * * *
You feel sick.
You start resting.
* * * LOW HITPOINT WARNING * * *
You feel sick.
You start resting.
You die...

....# #... ... ....# ...#
#.### ....###..# .....
......#..########....
.####.#..#.....##..# .#
#.#.>......##..# #
.####.#..#.#.......#.##.#
....................>.....
.####.#.##.##.#.@..#### #
#.#.##.##.##....#
#...#..##.#.....#
....#.###.#.....# ###.#+
#.#...#.# ... #.#.....#
##. #.#.#.### . #.#.#.# .
#.#.#.#


There were no monsters in sight!

Vanquished Creatures
  2 adders (D:2)
  A giant gecko (D:2)
  5 bats (D:1)
  2 giant cockroaches (D:1)
  3 hobgoblins (D:1)
  7 jackals
  2 quokkas (D:2)
  A ball python (D:1)
  A giant newt (D:1)
  A goblin (D:1)
  2 kobolds (D:1)
  4 rats
31 creatures vanquished.

Vanquished Creatures (others)
  5 toadstools (D:1)
5 creatures vanquished.

Grand Total: 36 creatures vanquished

Notes
Turn   | Place    | Note
--------------------------------------------------------------
     0 | D:1      | Mitsuki, the Formicid Earth Elementalist, began the quest for the Orb.
     0 | D:1      | Reached XP level 1. HP: 15/15 MP: 3/3
   371 | D:1      | Reached XP level 2. HP: 18/20 MP: 4/4
   396 | D:1      | Learned a level 2 spell: Stoneskin
   403 | D:1      | Reached skill level 4 in Earth Magic
   872 | D:1      | Reached XP level 3. HP: 21/24 MP: 6/6
  1255 | D:1      | Learned a level 3 spell: Stone Arrow
  1729 | D:2      | Reached XP level 4. HP: 14/29 MP: 0/8
  1777 | D:2      | HP: 1/29 [poisoned by an adder]
  1786 | D:2      | HP: 1/29 [poisoned by an adder]
  1787 | D:2      | Succumbed to an adder's poison

Action                   |  1- 3 |  4- 6 || total
-------------------------+-------+-------++-------
Melee: Spear             |   157 |       ||   157
       Unarmed           |    14 |     6 ||    20
 Cast: Stoneskin         |     1 |       ||     1
       Sandblast         |     5 |     1 ||     6
       Stone Arrow       |     2 |       ||     2
  Use: Potion            |     2 |       ||     2
 Stab: Sleeping          |     1 |       ||     1
